 Dungeon Crawl Stone Soup version 0.27.1-2-g3b301248ec (webtiles) character file.

Game seed: 17334022329100168523

5195 Crownlay the Frost Mage (level 10, -1/74 HPs)
             Began as a Gnoll Ice Elementalist on Sept 25, 2021.
             Was a High Priest of Uskayaw.
             Slain by a two-headed ogre (16 damage)
             ... on level 8 of the Dungeon.
             The game lasted 00:21:15 (8589 turns).

Crownlay the Frost Mage (Gnoll Ice Elementalist)    Turns: 8589, Time: 00:21:16

Health: -1/74      AC: 19    Str: 16    XL:     10   Next: 60%
Magic:  15/21      EV: 14    Int: 23    God:    Uskayaw [*****.]
Gold:   259        SH:  5    Dex: 12    Spells: 6/24 levels left

rFire    . . .     SeeInvis .   h - +7 war axe "Haderua" {freeze, Str+7}
rCold    . . .     Faith    +   o - +0 buckler
rNeg     . . .     Spirit   .   a - +0 robe
rPois    .         Reflect  .   (no helmet)
rElec    .         Harm     .   m - +1 cloak
rCorr    .         Rampage  .   v - +1 pair of gloves
Will     .....                  (no boots)
Stlth    +++.......             I - amulet of faith
HPRegen  0.22/turn              n - +4 ring of protection
MPRegen  0.17/turn              B - +6 ring of intelligence

@: ice-armoured, freezing walls
A: fangs 1, strong nose, distributed training
a: Renounce Religion, Stomp, Line Pass, Grand Finale


You were on level 8 of the Dungeon.
You worshipped Uskayaw.
Uskayaw was noncommittal.
You visited 2 branches of the dungeon, and saw 9 of its levels.
You also visited: Sewer and Ossuary.

You collected 363 gold pieces.
You spent 104 gold pieces at shops.

Inventory:

Hand Weapons
 h - the +7 war axe "Haderua" (weapon) {freeze, Str+7}
   (You found it on level 8 of the Dungeon)

   It freezes those it strikes, dealing additional cold damage.
   It can also slow down cold-blooded creatures.
   Str:       It affects your strength (+7).
 j - a +2 flail of draining
Missiles
 x - a throwing net
Armour
 a - a +0 robe (worn)
 m - a +1 cloak (worn)
 o - a +0 buckler (worn)
 v - a +1 pair of gloves (worn)
Magical Staves
 c - a staff of cold
Jewellery
 n - a +4 ring of protection (left hand)
 u - a ring of protection from fire
 y - a ring of fire
 B - a +6 ring of intelligence (right hand)
 I - an amulet of faith (around neck)
Wands
 i - a wand of digging (1)
 s - a wand of flame (12)
 z - a wand of paralysis (12)
 H - a wand of charming (7)
Scrolls
 b - 4 scrolls of immolation
 e - 2 scrolls of amnesia
 f - a scroll of holy word
 l - a scroll of fear
 r - 3 scrolls of teleportation
 t - a scroll of enchant armour
 w - a scroll of identify
 J - 2 scrolls of magic mapping
Potions
 d - 4 potions of heal wounds
 g - 4 potions of lignification {unknown}
 k - 5 potions of curing
 p - 5 potions of haste
 q - a potion of magic {unknown}
 A - 2 potions of degeneration {unknown}
 C - a potion of berserk rage {unknown}
 D - 2 potions of mutation
 E - a potion of experience {unknown}
 F - a potion of resistance {unknown}
 G - a potion of invisibility {unknown}
 K - 2 potions of might {unknown}


   Skills:
 + Level 5.4 Fighting
 + Level 5.4 Short Blades
 + Level 5.4 Long Blades
 + Level 5.4 Axes
 + Level 5.4 Maces & Flails
 + Level 5.4 Polearms
 + Level 5.4 Staves
 + Level 5.4 Slings
 + Level 5.4 Bows
 + Level 5.4 Crossbows
 + Level 5.4 Throwing
 + Level 5.4 Armour
 + Level 7.2 Dodging
 + Level 6.9 Stealth
 + Level 5.4 Shields
 + Level 5.4 Unarmed Combat
 + Level 7.5 Spellcasting
 + Level 4.5 Conjurations
 + Level 4.5 Hexes
 + Level 4.5 Summonings
 + Level 4.5 Necromancy
 + Level 4.5 Translocations
 + Level 4.5 Transmutations
 + Level 4.5 Fire Magic
 + Level 8.5 Ice Magic
 + Level 4.5 Air Magic
 + Level 4.5 Earth Magic
 + Level 4.5 Poison Magic
 + Level 6.0 Invocations
 + Level 5.4 Evocations


You had 6 spell levels left.
You knew the following spells:

 Your Spells              Type           Power      Damage    Failure   Level
a - Freeze                Ice            100%       1d11      1%          1
b - Frozen Ramparts       Ice            94%        1d11      1%          3
c - Ozocubu's Armour      Ice            47%        N/A       1%          3
d - Hailstorm             Conj/Ice       38%        3d9       4%          4
e - Ozocubu's Refrigerat  Ice            23%        4d9       88%         7

Your spell library contained the following spells:

 Spells                   Type           Power      Damage    Failure   Level
 Corona                   Hex            32%        N/A       1%          1
 Foxfire                  Conj/Fire      100%       2x1d9     1%          1
 Ensorcelled Hibernation  Hex/Ice        76%        N/A       1%          2
 Sublimation of Blood     Necr           14%        N/A       1%          2
 Wereblood                Tmut           29%        N/A       1%          2
 Conjure Flame            Conj/Fire      29%        6-21      3%          3
 Inner Flame              Hex/Fire       29%        N/A       3%          3
 Tukima's Dance           Hex            29%        N/A       3%          3
 Summon Hydra             Summ           14%        N/A       100%        7


Dungeon Overview and Level Annotations

Branches:
Dungeon (8/15)             Temple (1/1) D:6           Sewer (visited)
Ossuary (visited)
   Lair: D:8-11

Altars:
Cheibriados
Kikubaaqudgha
Makhleb
Nemelex Xobeh
Okawaru
Qazlal
Ru
Sif Muna
Trog
Uskayaw
Wu Jian
Xom
Yredelemnul
The Shining One

Shops:
D:1 [   D:3 ?   D:4 =


Innate Abilities, Weirdness & Mutations

You have very sharp teeth.
Your uncanny sense of smell can sniff out nearby items.
Your experience applies equally to all skills.


Message History

You kill the orc wizard!
Uskayaw prepares the audience for your solo!
The two-headed ogre is no longer paralysed.
The helpless water moccasin fails to defend itself.
You slice the water moccasin!! You freeze the water moccasin.
You kill the water moccasin!
The two-headed ogre is no longer sharing its pain.
You can now merge with and destroy a victim.
Your Invocations skill increases to level 6!
You hit the two-headed ogre. You freeze the two-headed ogre.
The two-headed ogre is heavily wounded.
The two-headed ogre hits you with a +0 giant spiked club!
The two-headed ogre hits you with a +0 giant club!!
You are too injured to fight recklessly!
You are too injured to fight recklessly!
You are too injured to fight recklessly!
Casting: Frozen Ramparts (safe; 1% risk of failure)
Confirm with . or Enter, or press ? or * to list all spells.
A film of ice covers your body!
The two-headed ogre completely misses you.
The two-headed ogre hits you with a +0 giant club!
Casting: Ozocubu's Armour (safe; 1% risk of failure)
Confirm with . or Enter, or press ? or * to list all spells.
Casting: Frozen Ramparts (safe; 1% risk of failure)
Press: ? - help, Dir - look around, f - activate The walls around you are covered in ice.
The wall freezes the two-headed ogre.
The two-headed ogre misses you.
The two-headed ogre hits you but does no damage.
You hit the two-headed ogre. You freeze the two-headed ogre.
The two-headed ogre is heavily wounded.
The wall freezes the two-headed ogre.
The two-headed ogre hits you with a +0 giant spiked club!
* * * LOW HITPOINT WARNING * * *
The two-headed ogre closely misses you.
You hit the two-headed ogre. You freeze the two-headed ogre.
The two-headed ogre is severely wounded.
The wall freezes the two-headed ogre.
The two-headed ogre hits you but does no damage.
The two-headed ogre hits you with a +0 giant club!
You die...

*,,,,,*,,,*,,,,,* *,
*,,,,.##'##....,* ***,
*,,,,.........#** *,,,
*,,,,.........# **,,
*,,,,.........# *,,
*,,,,.........# *,.
******........* #### *##*#
*,,,,##..#..O####..##*###.###
*,,>,.......@.......##.......
*,,,,##......................
**,,,*#####...............#**
**,,,,* *#^####.......####.#*
*
*,,,,,**#.##..†#######...##.#
**
*,,,,,*#.#..#..****###..#..#.
,*
*,,,,,#.#.**###,,*,#..####*.#
,*
**,,,∆.#*,**,,,*#...##...##.#
**
***,,,*,**,*,,,##.*#...#.##.


You could see a two-headed ogre.

Vanquished Creatures
  Pikel (D:7)
  Joseph (D:7)
  Prince Ribbit (D:7)
  Sigmund (D:5)
  The ghost of PeMo the Slasher, an amateur VSFi (D:4)
  Edmund (D:5)
  2 orc warriors (D:7)
  2 water moccasins
  A black bear (D:8)
  A hornet zombie (D:7)
  5 necrophages
  2 ice beasts (D:6)
  A centaur (D:8)
  2 ogres
  3 lemures (D:7)
  2 phantoms
  3 bullfrogs
  An elf zombie (Ossuary)
  2 scorpions (D:5)
  8 wights
  4 howler monkeys (D:7)
  3 centaur zombies
  A bullfrog zombie (D:6)
  A jelly (D:4)
  2 orc priests
  A centaur skeleton (D:5)
  4 hounds
  Crazy Yiuf (D:4)
  A gnoll shaman (D:4)
  A human zombie (Ossuary)
  An iguana (D:6)
  Terence (D:3)
  Natasha (thrice) (D:3)
  10 orc wizards
  A scorpion simulacrum (D:4)
  3 mummies
  A howler monkey skeleton (D:7)
  13 adders
  4 gnolls (D:4)
  5 river rats (Sewer)
  A shadow imp (D:6)
  3 white imps
  An ufetubus (D:5)
  2 adder zombies (Ossuary)
  A worm (D:4)
  3 adder simulacra (D:4)
  3 dart slugs
  22 orcs
  3 bats (D:1)
  6 endoplasms
  4 giant cockroaches
  2 goblins
  7 hobgoblins
  4 jackals (D:3)
  23 kobolds
  5 quokkas
  19 ball pythons
  3 frilled lizards
  A goblin zombie (D:8)
  10 hobgoblin zombies
  3 jackal zombies (Ossuary)
  7 kobold zombies (Ossuary)
  10 orc zombies (Ossuary)
  40 rats
  2 rat zombies (Ossuary)
287 creatures vanquished.

Notes
Turn   | Place    | Note
-------+----------+-------------------------------------------
     0 | D:1      | Crownlay the Gnoll Ice Elementalist began the quest for the
                  | Orb.
     0 | D:1      | Reached XP level 1. HP: 13/13 MP: 6/6
   125 | D:1      | Reached XP level 2. HP: 17/19 MP: 1/7
   438 | D:1      | Found a faded altar of an unknown god.
   677 | D:1      | Found Qigh's Antique Armour Shoppe.
   891 | D:2      | Reached skill level 5 in Spellcasting
   891 | D:2      | Reached XP level 3. HP: 25/25 MP: 6/9
   980 | D:2      | Reached skill level 1 in Invocations
  1049 | D:1      | Learned a level 3 spell: Frozen Ramparts
  1053 | D:1      | Learned a level 3 spell: Ozocubu's Armour
  1088 | D:2      | Reached skill level 1 in Fighting
  1088 | D:2      | Reached skill level 1 in Short Blades
  1088 | D:2      | Reached skill level 1 in Long Blades
  1088 | D:2      | Reached skill level 1 in Axes
  1088 | D:2      | Reached skill level 1 in Maces & Flails
  1088 | D:2      | Reached skill level 1 in Polearms
  1088 | D:2      | Reached skill level 1 in Staves
  1088 | D:2      | Reached skill level 1 in Slings
  1088 | D:2      | Reached skill level 1 in Bows
  1088 | D:2      | Reached skill level 1 in Crossbows
  1088 | D:2      | Reached skill level 1 in Throwing
  1088 | D:2      | Reached skill level 1 in Armour
  1088 | D:2      | Reached skill level 1 in Shields
  1088 | D:2      | Reached skill level 1 in Unarmed Combat
  1088 | D:2      | Reached skill level 1 in Evocations
  1088 | D:2      | Reached XP level 4. HP: 15/32 MP: 9/11
  1268 | D:2      | Reached skill level 1 in Conjurations
  1268 | D:2      | Reached skill level 1 in Hexes
  1268 | D:2      | Reached skill level 1 in Summonings
  1268 | D:2      | Reached skill level 1 in Necromancy
  1268 | D:2      | Reached skill level 1 in Translocations
  1268 | D:2      | Reached skill level 1 in Transmutations
  1268 | D:2      | Reached skill level 1 in Fire Magic
  1268 | D:2      | Reached skill level 1 in Air Magic
  1268 | D:2      | Reached skill level 1 in Earth Magic
  1268 | D:2      | Reached skill level 1 in Poison Magic
  1333 | D:2      | Found a snail-covered altar of Cheibriados.
  1500 | D:3      | Noticed a necrophage
  1512 | D:3      | Reached XP level 5. HP: 33/37 MP: 5/12
  1521 | D:3      | Killed a necrophage
  1598 | D:3      | Noticed Terence
  1602 | D:3      | Killed Terence
  1603 | D:3      | Reached XP level 6. HP: 44/44 MP: 6/13
  1783 | D:3      | Noticed a water moccasin
  1792 | D:3      | Killed a water moccasin
  1793 | D:3      | Reached skill level 5 in Dodging
  1947 | D:3      | Found Feshaid's Magic Scroll Emporium.
  1953 | D:3      | Bought a scroll of identify for 22 gold pieces
  1953 | D:3      | Bought a scroll of noise for 11 gold pieces
  1953 | D:3      | Bought a scroll of teleportation for 33 gold pieces
  1953 | D:3      | Bought a scroll of magic mapping for 38 gold pieces
  2044 | D:3      | Noticed Natasha
  2053 | D:3      | Killed Natasha
  2372 | D:3      | Noticed Natasha
  2381 | D:3      | Killed Natasha
  2560 | D:3      | Noticed Natasha
  2564 | D:3      | Killed Natasha
  2565 | D:3      | Reached XP level 7. HP: 50/50 MP: 8/15
  2672 | D:4      | Learned a level 4 spell: Hailstorm
  2697 | D:4      | Found a runed translucent gate.
  2697 | D:4      | Found a runed translucent gate.
  2697 | D:4      | Found a runed translucent gate.
  2739 | D:4      | Noticed PeMo's ghost (amateur VSFi)
  3642 | D:4      | Found Epredgh's Jewellery Boutique.
  3699 | D:4      | Reached skill level 5 in Stealth
  3871 | D:4      | Found a runed translucent door.
  3872 | D:4      | Noticed Crazy Yiuf
  4059 | D:4      | Killed PeMo's ghost
  4060 | D:4      | Reached XP level 8. HP: 57/57 MP: 9/16
  4180 | D:4      | Killed Crazy Yiuf
  4331 | D:5      | Entered Level 5 of the Dungeon
  5104 | D:5      | Noticed Edmund
  5110 | D:5      | Killed Edmund
  5158 | D:5      | Noticed Sigmund
  5177 | D:5      | Killed Sigmund
  5178 | D:5      | Reached XP level 9. HP: 61/65 MP: 4/18
  5556 | D:6      | Reached skill level 8 in Ice Magic
  5605 | D:6      | Found a glowing drain.
  5614 | Sewer    | Entered a sewer
  6340 | D:6      | Found a staircase to the Ecumenical Temple.
  6350 | Temple   | Entered the Ecumenical Temple
  6394 | Temple   | Became a worshipper of Uskayaw the Reveller
  6425 | D:6      | Reached * piety under Uskayaw
  6430 | D:6      | Reached ** piety under Uskayaw
  6697 | D:6      | Reached *** piety under Uskayaw
  6921 | D:7      | Noticed Prince Ribbit
  6926 | D:7      | Reached **** piety under Uskayaw
  6927 | D:7      | Reached skill level 5 in Invocations
  6927 | D:7      | Killed Prince Ribbit
  6930 | D:7      | Reached ***** piety under Uskayaw
  6941 | D:7      | Noticed Joseph
  6956 | D:7      | Killed Joseph
  6957 | D:7      | Reached XP level 10. HP: 69/73 MP: 12/20
  7108 | D:7      | Reached skill level 5 in Fighting
  7108 | D:7      | Reached skill level 5 in Short Blades
  7108 | D:7      | Reached skill level 5 in Long Blades
  7108 | D:7      | Reached skill level 5 in Axes
  7108 | D:7      | Reached skill level 5 in Maces & Flails
  7108 | D:7      | Reached skill level 5 in Polearms
  7108 | D:7      | Reached skill level 5 in Staves
  7108 | D:7      | Reached skill level 5 in Slings
  7108 | D:7      | Reached skill level 5 in Bows
  7108 | D:7      | Reached skill level 5 in Crossbows
  7108 | D:7      | Reached skill level 5 in Throwing
  7108 | D:7      | Reached skill level 5 in Armour
  7108 | D:7      | Reached skill level 5 in Shields
  7108 | D:7      | Reached skill level 5 in Unarmed Combat
  7108 | D:7      | Reached skill level 5 in Evocations
  7222 | D:7      | Learned a level 7 spell: Ozocubu's Refrigeration
  7354 | D:7      | Noticed Pikel
  7367 | D:7      | Killed Pikel
  8080 | D:8      | Identified the +7 war axe "Haderua" {freeze, Str+7}
  8106 | D:8      | Found a sand-covered staircase.
  8205 | Ossuary  | Entered an ossuary
  8579 | D:8      | Noticed a two-headed ogre
  8589 | D:8      | Slain by a two-headed ogre

Illustrated notes

Levels and vault maps discovered:
D:1:      doesnt_arrival_eight_statues, layout_basic,
          hellmonk_ecumenical_altar_heavens_door, serial_shops,
          nicolae_diamond_shop
D:2:      layout_rooms, basic_altar, minmay_rat_hole
D:3:      layout_rooms, serial_shops, shop, hangedman_decor_slide_cut,
          uniq_natasha, uniq_terence
D:4:      layout_loops_ring, gammafunk_ghost_icy, serial_shops, shop,
          grunt_decor_clamped, minmay_snake_closets, uniq_crazy_yiuf_cottage
D:5:      layout_rooms, sigmund_edmund_badplayer
D:6:      layout_basic, minmay_temple_entry_drinking_statues,
          gup_sewer_entry_spiral
D:7:      layout_basic, uniq_prince_ribbit1, uniq_joseph, uniq_pikel
D:8:      minmay_ornate_pinched, layout_gridville, nicolae_ossuary_entry_giza
Temple:   compressed_dpeg_triangle_lava_temple

Skill      XL: |  1  2  3  4  5  6  7  8  9 10 |
---------------+-------------------------------+-----
Spellcasting   | 5 6 7 |  7.5
Invocations    | 1 2 3 4 5 6 |  6.0
Fighting       | 1 2 3 4 5 |  5.4
Short Blades   | 1 2 3 4 5 |  5.4
Long Blades    | 1 2 3 4 5 |  5.4
Axes           | 1 2 3 4 5 |  5.4
Maces & Flails | 1 2 3 4 5 |  5.4
Polearms       | 1 2 3 4 5 |  5.4
Staves         | 1 2 3 4 5 |  5.4
Slings         | 1 2 3 4 5 |  5.4
Bows           | 1 2 3 4 5 |  5.4
Crossbows      | 1 2 3 4 5 |  5.4
Throwing       | 1 2 3 4 5 |  5.4
Armour         | 1 2 3 4 5 |  5.4
Shields        | 1 2 3 4 5 |  5.4
Unarmed Combat | 1 2 3 4 5 |  5.4
Evocations     | 1 2 3 4 5 |  5.4
Conjurations   | 1 2 3 4 |  4.5
Hexes          | 1 2 3 4 |  4.5
Summonings     | 1 2 3 4 |  4.5
Necromancy     | 1 2 3 4 |  4.5
Translocations | 1 2 3 4 |  4.5
Transmutations | 1 2 3 4 |  4.5
Fire Magic     | 1 2 3 4 |  4.5
Air Magic      | 1 2 3 4 |  4.5
Earth Magic    | 1 2 3 4 |  4.5
Poison Magic   | 1 2 3 4 |  4.5
Dodging        | 5 6 7 |  7.2
Stealth        | 5 6 |  6.9
Ice Magic      | 8 |  8.5

Action                   |  1- 3 |  4- 6 |  7- 9 | 10-12 || total
-------------------------+-------+-------+-------+-------++-------
Melee: Unarmed           |     5 |       |       |       ||     5
       Short sword       |    25 |       |       |       ||    25
       Flail             |     8 |    62 |    66 |    31 ||   167
       Bite              |     1 |     1 |    30 |    15 ||    47
       Staff             |       |     2 |   256 |    61 ||   319
       Punch             |       |       |     1 |       ||     1
       War axe           |       |       |       |    71 ||    71
 Cast: Freeze            |    38 |     1 |    62 |     6 ||   107
       Frozen Ramparts   |       |    11 |    37 |    11 ||    59
       Ozocubu's Armour  |       |     9 |    25 |     7 ||    41
       Hailstorm         |       |       |     5 |     2 ||     7
  Use: Scroll            |       |     2 |     8 |     2 ||    12
 Stab: Sleeping          |       |     1 |     6 |     4 ||    11
       Paralysed         |       |       |     3 |    13 ||    16
       Distracted        |       |       |       |     1 ||     1
Armor: Robe              |    22 |    29 |   118 |    57 ||   226
Dodge: Dodged            |    79 |    51 |   252 |    82 ||   464
Block: Buckler           |       |       |    43 |    28 ||    71
